 Dungeon Crawl Stone Soup version 0.21-a0-223-g812f45e (webtiles) character file.

2335 Spazmo the Thaumaturge (level 9, -7/48 HPs)
             Began as a Deep Elf Conjurer on Aug 27, 2017.
             Was a Believer of Vehumet.
             Mangled by a gnoll
             ... wielding a +0 antimagic halberd
              (13 damage)
             ... on level 7 of the Dungeon.
             The game lasted 00:27:11 (5920 turns).

Spazmo the Thaumaturge (Deep Elf Conjurer)          Turns: 5920, Time: 00:27:12

Health: -7/48      AC:  5    Str:  5    XL:     9   Next: 19%
Magic:  4/25       EV: 13    Int: 24    God:    Vehumet [**....]
Gold:   120        SH:  4    Dex: 15    Spells: 16/28 levels left

rFire    . . .     SeeInvis .   e - +0 short sword
rCold    . . .     Gourm    .   x - +0 buckler
rNeg     . . .     Faith    .   i - +1 robe {Archmagi}
rPois    .         Spirit   .   p - +0 helmet
rElec    .         Reflect  .   (no cloak)
rCorr    .         Harm     .   (no gloves)
MR       .....                  l - +0 pair of boots
Stlth    ++........             (no amulet)
HPRegen  0.16/turn              (no ring)
MPRegen  0.19/turn              (no ring)

@: no status effects
A: no striking features
a: Renounce Religion


You were on level 7 of the Dungeon.
You worshipped Vehumet.
Vehumet was pleased with you.
You were not hungry.

You visited 2 branches of the dungeon, and saw 8 of its levels.

You collected 447 gold pieces.
You spent 327 gold pieces at shops.

Inventory:

Hand Weapons
 e - a +0 short sword (weapon)
Missiles
 d - 208 stones (quivered)
Armour
 i - a +1 robe of the Archmagi (worn)
 l - a +0 pair of boots (worn)
 p - a +0 helmet (worn)
 x - a +0 buckler (worn)
Wands
 f - a wand of flame (3/48)
 y - a wand of lightning (9/15)
Scrolls
 a - 2 scrolls of silence {unknown}
 g - 7 scrolls of identify
 h - a scroll of magic mapping
 m - 2 scrolls of teleportation
 n - a scroll of recharging
 q - a scroll of remove curse
 w - a scroll of random uselessness {unknown}
Potions
 j - 2 potions of resistance
 k - 2 potions of flight
Books
 b - a book of Conjurations

   Spells                             Type                      Level
   a - Magic Dart                     Conjuration                  1
   b - Searing Ray                    Conjuration                  2
   c - Dazzling Spray                 Conjuration/Hexes            3
   d - Fulminant Prism                Conjuration/Hexes            4
   e - Force Lance                    Conjuration/Translocation    4
   f - Iskenderun's Mystic Blast      Conjuration                  4
 o - a book of Callings

   Spells                             Type                      Level
   a - Summon Small Mammal            Summoning                    1
   b - Call Imp                       Summoning                    2
   c - Call Canine Familiar           Summoning                    3
   d - Summon Guardian Golem          Hexes/Summoning              3
   e - Summon Lightning Spire         Summoning/Air                4
   f - Summon Ice Beast               Ice/Summoning                4
 r - a book of Maledictions

   Spells                             Type                      Level
   a - Corona                         Hexes                        1
   b - Ensorcelled Hibernation        Hexes/Ice                    2
   c - Confuse                        Hexes                        3
   d - Tukima's Dance                 Hexes                        3
   e - Dazzling Spray                 Conjuration/Hexes            3
Comestibles
 c - 2 bread rations
 s - 4 meat rations
 t - 4 royal jellies
 u - a fruit
 v - 8 chunks of flesh


   Skills:
 + Level 1.7 Fighting
 - Level 3.0 Dodging
 - Level 3.0 Stealth
 + Level 1.6 Shields
 - Level 10.0 Spellcasting
 - Level 10.0 Conjurations
 + Level 3.7 Fire Magic


You had 16 spell levels left.
You knew the following spells:

 Your Spells              Type           Power        Failure   Level  Hunger
a - Magic Dart            Conj           ####         1%          1    None
b - Searing Ray           Conj           ######       1%          2    None
c - Force Lance           Conj/Tloc      ######..     9%          4    #......
d - Iskenderun's Mystic   Conj           ######..     1%          4    #......
e - Flame Tongue          Conj/Fire      #####        1%          1    None


Dungeon Overview and Level Annotations

Branches:
Dungeon (7/15)             Temple (1/1) D:4

Altars:
Cheibriados
Gozag
Okawaru
Qazlal
Ru
Sif Muna
Vehumet

Shops:
D:5 [

Annotations:
D:5 Caerwyn's ghost, amateur OgBe


Message History

Confirm with . or Enter, or press ? or * to list all spells.
Aiming: Searing Ray
Press: ? - help, Shift-Dir - straight line, f - ice beast
Aim: an ice beast (severely wounded)
You feel a surge of power!
The searing ray hits the ice beast.
The ice beast is almost dead. (Press . to maintain the ray.)
The ice beast hits you. The ice beast freezes you!
* * * LOW HITPOINT WARNING * * *
The searing ray hits the ice beast.
The ice beast is almost dead.
The gnoll hits you from afar with an antimagic halberd!
* * * LOW HITPOINT WARNING * * *
You feel your power leaking away. The ice beast closely misses you.
The searing ray hits the ice beast.
You kill the ice beast!
Vehumet accepts your kill.
The gnoll hits you from afar with an antimagic halberd!
You die...

##### #...# #####
#...###...#####..
#.......@.g).)...
##.####..$†####.
#.# #....# #.#
#....# #.#
#.[.... #.#
#....### #.#
##...# #.# #####
#.#########


You could see a gnoll.

Vanquished Creatures
  Grinder (D:4)
  Prince Ribbit (D:6)
  A hippogriff (D:7)
  A hungry ghost (D:7)
  An orc warrior (D:7)
  An ice beast (D:7)
  2 phantoms
  2 ogres
  A centaur (D:5)
  A gnoll sergeant (D:7)
  4 scorpions
  A crimson imp (D:7)
  A quasit (D:6)
  4 hounds
  2 orc priests
  A jelly (D:5)
  A centaur skeleton (D:6)
  5 orc wizards
  An iguana (D:6)
  A worker ant (D:6)
  A killer bee zombie (D:5)
  A worker ant zombie (D:6)
  6 gnolls (D:7)
  6 adders
  A shadow imp (D:6)
  An ooze (D:2)
  2 adder zombies
  5 worms
  3 dart slugs
  2 leopard geckos
  18 orcs
  5 giant cockroaches
  11 hobgoblins
  15 jackals
  6 kobolds
  4 quokkas
  A ball python (D:2)
  4 bats
  6 frilled lizards
  4 goblins
  A jackal zombie (D:6)
  5 rats
141 creatures vanquished.

Notes
Turn   | Place    | Note
-------+----------+-------------------------------------------
     0 | D:1      | Spazmo the Deep Elf Conjurer began the quest for the Orb.
     0 | D:1      | Reached XP level 1. HP: 10/10 MP: 6/6
   259 | D:1      | Reached XP level 2. HP: 15/15 MP: 5/8
   263 | D:1      | Learned a level 2 spell: Searing Ray
   823 | D:2      | Reached XP level 3. HP: 19/19 MP: 7/10
  1025 | D:2      | Found a faded altar of an unknown god.
  1116 | D:2      | Found a deep blue altar of Sif Muna.
  1135 | D:2      | Reached skill level 5 in Conjurations
  1199 | D:2      | Reached XP level 4. HP: 24/24 MP: 9/12
  1217 | D:2      | Learned a level 4 spell: Force Lance
  1222 | D:2      | Learned a level 4 spell: Iskenderun's Mystic Blast
  1821 | D:3      | Reached skill level 5 in Spellcasting
  1822 | D:3      | Reached XP level 5. HP: 28/28 MP: 7/14
  2257 | D:4      | Found a staircase to the Ecumenical Temple.
  2267 | Temple   | Entered the Ecumenical Temple
  2287 | Temple   | Became a worshipper of Vehumet
  2434 | D:4      | Reached XP level 6. HP: 4/32 MP: 1/16
  2491 | D:4      | Noticed Grinder
  2648 | D:4      | Found a sacrificial altar of Ru.
  2716 | D:4      | Killed Grinder
  2863 | D:5      | Entered Level 5 of the Dungeon
  2869 | D:5      | Reached XP level 7. HP: 29/36 MP: 15/19
  3105 | D:5      | Reached * piety under Vehumet
  3105 | D:5      | Offered knowledge of Freeze by Vehumet.
  3121 | D:5      | Upgraded the game from 0.21-a0-221-gfe971b9 to 0.21-a0-223-g812f45e
  3136 | D:5      | Found an iron altar of Okawaru.
  3448 | D:5      | Noticed Caerwyn's ghost (amateur OgBe)
  3643 | D:5      | Found Yciriop's Armour Emporium.
  4356 | D:6      | Noticed Prince Ribbit
  4426 | D:6      | Killed Prince Ribbit
  4426 | D:6      | Reached XP level 8. HP: 40/41 MP: 14/23
  4590 | D:5      | Bought a +1 robe of the Archmagi for 327 gold pieces
  4779 | D:6      | Offered knowledge of Flame Tongue by Vehumet.
  4790 | D:6      | Reached ** piety under Vehumet
  4795 | D:6      | Learned a level 1 spell: Flame Tongue
  4931 | D:6      | Reached skill level 10 in Spellcasting
  5128 | D:7      | Reached skill level 1 in Fire Magic
  5182 | D:7      | Found a deep blue altar of Sif Muna.
  5716 | D:7      | Reached skill level 10 in Conjurations
  5796 | D:7      | Noticed a hippogriff
  5805 | D:7      | Killed a hippogriff
  5805 | D:7      | Reached skill level 1 in Fighting
  5805 | D:7      | Reached skill level 1 in Shields
  5805 | D:7      | Reached XP level 9. HP: 11/47 MP: 12/25
  5920 | D:7      | Mangled by a gnoll

Vault maps used:
D:1:      shiori_arrival_maze, wad_floor_pattern_untrapped
D:2:      overflow_temple_1_default, chequers_ecumenical_altar_simple
D:4:      nicolae_ru_the_path_less_chosen, minmay_temple_entry_junction_2,
          uniq_grinder
D:5:      okawaru_gym_becter, serial_shops, nicolae_shop_behind_doors,
          first_bread
D:6:      uniq_prince_ribbit1
D:7:      basic_altar
Temple:   regret_index_temple_waves

Skill      XL: |  1  2  3  4  5  6  7  8 |
---------------+-------------------------+-----
Spellcasting   | 4 5 7 9 10 | 10.0
Dodging        | 3 |  3.0
Stealth        | 3 |  3.0
Conjurations   | 5 6 7 8 10 | 10.0
Fire Magic     | 3 |  3.7
Fighting       | 1 |  1.7
Shields        | 1 |  1.6

Action                   |  1- 3 |  4- 6 |  7- 9 || total
-------------------------+-------+-------+-------++-------
Melee: Unarmed           |     3 |       |       ||     3
       Short sword       |       |     5 |    13 ||    18
Throw: Stone             |     1 |       |       ||     1
 Cast: Magic Dart        |    78 |    63 |   113 ||   254
       Searing Ray       |     1 |     8 |    36 ||    45
       Iskenderun's Myst |       |       |     4 ||     4
       Force Lance       |       |       |     7 ||     7
       Flame Tongue      |       |       |     3 ||     3
  Use: Potion            |     3 |     1 |     5 ||     9
       Scroll            |       |     8 |     1 ||     9
 Stab: Sleeping          |       |       |     2 ||     2
  Eat: Chunk             |       |     5 |     9 ||    14
       Fruit             |       |     1 |     1 ||     2
Armor: Robe              |       |     3 |    12 ||    15
Dodge: Dodged            |     8 |     7 |    57 ||    72
Block: Buckler           |       |       |     1 ||     1

Table legend:
 A = Spawn XP
 B = Non-spawn XP
 C = Spawn XP percentage of total XP
 D = Spawn monster count
 E = Non-spawn monster count
 F = Spawn count percentage of total count
 G = Total turns spent on level
                    A         B        C        D         E        F      G
               +---------+---------+-------+---------+---------+-------+---------
         Total |     166 |    3171 |   5.0 |       8 |     133 |   5.7 |  5920
               +---------+---------+-------+---------+---------+-------+---------
           D:1 |       0 |      38 |   0.0 |       0 |      24 |   0.0 |   814
           D:2 |       7 |      52 |  11.9 |       1 |      15 |   6.2 |   521
           D:3 |       5 |     119 |   4.0 |       1 |      17 |   5.6 |   911
           D:4 |     125 |     467 |  21.1 |       4 |      12 |  25.0 |   721
           D:5 |      29 |     480 |   5.7 |       2 |      22 |   8.3 |  1417
           D:6 |       0 |     785 |   0.0 |       0 |      19 |   0.0 |   690
           D:7 |       0 |    1230 |   0.0 |       0 |      24 |   0.0 |   806
               +---------+---------+-------+---------+---------+-------+---------
